Match 46309633
Unlisted

Match 46309633
End
Construct Infanterie Kompanie
Kettenkrad Recon Vehicle
Grenadier Squad
Grenadier Squad
MG 42 Machine Gun Team
Grenadier Squad
Construct Panzergrenadier Kompanie
Panzergrenadier Officer Quarters
Pak 40 Anti-tank Gun Team
Construct Panzer Kompanie
Stoßtruppen Squad
mi prima de Cifuentes
Lucky Cody
Barbarossa
sharky
PapaPowell
Speedbird
Siren
Петро_из_ада_2003!!
0
0

Comments sign in to comment!

No comments posted yet!